 Dungeon Crawl Stone Soup version 0.32-a0-543-gefe97123c3 (webtiles) character file.

Game seed: 7027810622563304260

17033 Essalna the Destroyer (level 12, 0/79 HPs)
             Began as a Gargoyle Earth Elementalist on Feb 29, 2024.
             Was an Elder of Vehumet.
             Slain by a death yak simulacrum (7 damage)
             ... in an ice cave.
             The game lasted 00:27:58 (15106 turns).

Essalna the Destroyer (GrEE)                       Turns: 15106, Time: 00:27:59

Health: 0/79       AC: 16    Str: 14    XL:     12   Next: 43%
Magic:  11/18      EV: 13    Int: 19    God:    Vehumet [****..]
Gold:   755        SH:  6    Dex: 10    Spells: 5/19 levels left

rFire   + . .        M - +4 trident (venom)
rCold   + + .        a - +2 buckler "Siosch" {^Contam rPois rN++}
rNeg    + + +        j - +2 robe {rC+}
rPois   ∞            E - +0 helmet
rElec   +            n - +0 cloak
rCorr   .            (no gloves)
SInv    .            m - +0 pair of boots
Will    .....        R - amulet of regeneration
Stlth   ++           q - ring of protection from cold
HPRegen 1.13/turn    y - ring of protection from fire
MPRegen 0.16/turn

%: no passive effects
@: no status effects
A: sickness immunity, AC +8, negative energy resistance 1, electricity
resistance, torment resistance 1, petrification resistance
a: Renounce Religion


You were in an ice cave.
You worshipped Vehumet.
Vehumet was greatly pleased with you.
You visited 2 branches of the dungeon, and saw 13 of its levels.
You also visited: Ossuary and Ice Cave.

You collected 755 gold pieces.

Inventory:

Hand Weapons
 M - a +4 trident of venom (weapon)
Armour
 a - the +2 buckler "Siosch" (worn) {^Contam rPois rN++}
   (You found it on level 1 of the Lair of Beasts)

   rPois:     It protects you from poison rN++: It greatly protects you from
   negative energy.
   ^Contam:   It causes magical contamination when unequipped.
 j - a +2 robe of cold resistance (worn)
 m - a +0 pair of boots (worn)
 n - a +0 cloak (worn)
 E - a +0 helmet (worn)
Jewellery
 q - a ring of protection from cold (left hand)
 v - a ring of see invisible
 y - a ring of protection from fire (right hand)
 P - an amulet of the acrobat
 R - an amulet of regeneration (around neck)
Wands
 e - a wand of digging (7)
 w - a wand of mindburst (5)
 x - a wand of warping (21)
 B - a wand of polymorph (11)
 L - a wand of charming (12)
 N - a wand of flame (46)
 V - a wand of light (15)
Scrolls
 f - 3 scrolls of fog
 p - 11 scrolls of identify
 u - 3 scrolls of enchant armour
 A - 2 scrolls of acquirement {unknown}
 G - 7 scrolls of noise {unknown}
 H - 2 scrolls of immolation {unknown}
 I - a scroll of amnesia {unknown}
 J - 2 scrolls of enchant weapon {unknown}
 K - a scroll of teleportation
 O - 2 scrolls of revelation {unknown}
 Q - a scroll of brand weapon {unknown}
 S - a scroll of vulnerability
 U - a scroll of silence {unknown}
Potions
 b - a potion of magic
 c - 3 potions of attraction {unknown}
 d - 2 potions of haste {unknown}
 g - a potion of might {unknown}
 h - 2 potions of heal wounds {unknown}
 k - 3 potions of ambrosia {unknown}
 l - 2 potions of resistance {unknown}
 o - 3 potions of curing
 r - 2 potions of degeneration {unknown}
 s - 3 potions of berserk rage {unknown}
 t - 2 potions of brilliance {unknown}
 z - 3 potions of invisibility {unknown}
 D - 2 potions of enlightenment {unknown}
 F - a potion of cancellation {unknown}
 T - a potion of mutation {unknown}


   Skills:
 + Level 10.6 Fighting
 - Level 5.0 Armour
 - Level 7.0 Dodging
 - Level 2.1 Stealth
 + Level 2.3 Shields
 - Level 4.0 Spellcasting
 + Level 11.3 Conjurations
 - Level 5.0 Ice Magic
 - Level 5.0 Air Magic
 - Level 8.0 Earth Magic


You had 5 spell levels left.
You knew the following spells:

 Your Spells              Type           Power      Damage    Failure   Level
a - Sandblast             Erth           68%        2d15      1%          1
b - Stone Arrow           Conj/Erth      80%        3d12      1%          3
c - Freezing Cloud        Conj/Ice/Air   15%        6-21      8%          5
d - Iskenderun's Battles  Conj           46%        2d10      1%          5

Your spell library contained the following spells:

 Spells                   Type           Power      Damage    Failure   Level
 Ignite Poison            Fire/Alch      3%         N/A       41%         4
 Kiss of Death            Conj/Necr      100%       2d13      1%          1
 Magic Dart               Conj           100%       1d8       1%          1
 Momentum Strike          Conj/Tloc      50%        3d9       1%          2
 Searing Ray              Conj           92%        2d7       1%          2
 Frozen Ramparts          Ice            44%        1d7       1%          3
 Mephitic Cloud           Conj/Alch/Air  24%        N/A       1%          3
 Passwall                 Erth           34%        N/A       1%          3
 Brom's Barrelling Bould  Conj/Erth      40%        2d6       1%          4
 Mercury Vapours          Alch/Air       26%        N/A       2%          2
 Fulminant Prism          Conj/Alch      12%        3d8       5%          4
 Lee's Rapid Deconstruct  Erth           17%        3d10*     5%          5
 Fireball                 Conj/Fire      12%        3d7       13%         5
 Irradiate                Conj/Alch      12%        3d15      13%         5
 Blink                    Tloc           6%         N/A       28%         2
 Jinxbite                 Hex            6%         N/A       28%         2
 Lesser Beckoning         Tloc           6%         N/A       28%         2
 Leda's Liquefaction      Alch/Erth      9%         N/A       34%         4
 Petrify                  Alch/Erth      19%        N/A       34%         4
 Confusing Touch          Hex            3%         N/A       50%         3
 Fugue of the Fallen      Necr           3%         N/A       50%         3
 Gell's Gravitas          Tloc           3%         N/A       50%         3
 Teleport Other           Tloc           3%         N/A       50%         3
 Yara's Violent Unravell  Hex/Alch       1%         3d3       75%         5
 Dispel Undead            Necr           3%         3d7       88%         4
 Metabolic Englaciation   Hex/Ice        6%         N/A       88%         5
 Conjure Ball Lightning   Conj/Air       17%        3x3d6     26%         6
 Orb of Destruction       Conj           23%        9d8       36%         7
 Dispersal                Tloc           1%         N/A       100%        6
 Enfeeble                 Hex            1%         N/A       100%        7
 Death's Door             Necr           1%         N/A       100%        9
 Sublimation of Blood     Necr           Unusable   N/A       N/A         2

Dungeon Overview and Level Annotations

Branches:
Dungeon (11/15)            Temple (0/1) D:7            Lair (2/5) D:8
Ossuary (visited)           IceCv (1/1)
  Swamp: Lair:2-3    Shoals: Lair:2-3     Snake: Lair:2-3    Spider: Lair:2-3
    Orc: D:9-12

Altars:
Ashenzari
Kikubaaqudgha
Uskayaw
Vehumet
Xom
Yredelemnul

Shops:
D:4 [   D:7 [   D:11 :

Annotations:
D:3 exclusion: statue


Innate Abilities, Weirdness & Mutations

You are immune to sickness and miasma.
Your stone body is resilient. (AC +8)
You are immune to poison.
You resist negative energy. (rN+)
You are resistant to electric shocks. (rElec)
You are resistant to unholy torment.
You are immune to petrification.


Message History

Aim: an elephant simulacrum (moderately damaged, 100% to hit)
The blast of sand hits the elephant simulacrum.
The elephant simulacrum is heavily damaged.
You block the elephant simulacrum's attack. x2
The death yak simulacrum gores you but does no damage.
Casting: Sandblast (safe; 1% risk of failure)
Confirm with . or Enter, or press ? or * to list all spells.
Aiming: Sandblast (safe; 1% risk of failure)
Press: ? - help, Shift-Dir - straight line, f/p - elephant simulacrum
Aim: an elephant simulacrum (heavily damaged, 100% to hit)
The blast of sand hits the elephant simulacrum!
The elephant simulacrum is almost destroyed.
The elephant simulacrum tramples you.
You hold your ground!
You block the elephant simulacrum's attack.
The death yak simulacrum gores you. The death yak simulacrum freezes you!
You resist.
* * * LOW HITPOINT WARNING * * *
You block the elephant simulacrum's attack.
The elephant simulacrum trunk-slaps you but does no damage.
Casting: Sandblast (safe; 1% risk of failure)
Confirm with . or Enter, or press ? or * to list all spells.
Aiming: Sandblast (safe; 1% risk of failure)
Press: ? - help, Shift-Dir - straight line, f/p - elephant simulacrum
Aim: an elephant simulacrum (almost destroyed, 100% to hit)
The blast of sand hits the elephant simulacrum!
The elephant simulacrum vaporises!
Vehumet accepts your kill.
You feel your power returning.
You block the death yak simulacrum's attack. x2
Casting: Sandblast (safe; 1% risk of failure)
Confirm with . or Enter, or press ? or * to list all spells.
Aiming: Sandblast (safe; 1% risk of failure)
Press: ? - help, Shift-Dir - straight line, f - death yak simulacrum
Aim: a death yak simulacrum (100% to hit)
The blast of sand hits the death yak simulacrum.
The death yak simulacrum is lightly damaged.
The death yak simulacrum gores you!
* * * LOW HITPOINT WARNING * * *
The death yak simulacrum freezes you! You resist.
You die...

#....#
##.#.#
###.##
##.#
##2#
#..#
#.##
#°##
##@#
#Z#
..#
..##
...
...#
....
##..#


You could see a death yak simulacrum.

Vanquished Creatures
  A catoblepas (Lair:1)
  A death yak (Lair:1)
  A manticore (D:11)
  Maurice (D:10)
  An ice statue (IceCv)
  Maggie (Lair:1)
  5 cane toads (Lair:1)
  A freezing wraith (IceCv)
  2 komodo dragons (Lair:1)
  A polar bear (Lair:1)
  3 trolls
  A tyrant leech (Lair:1)
  Prince Ribbit (D:8)
  Sigmund (D:2)
  A wraith (D:10)
  4 wyverns
  3 shadows
  18 yaks
  A basilisk (Lair:1)
  2 steam dragons
  6 water moccasins
  The ghost of topfpfpflanze the Conjurer, an amateur OpCj (D:4)
  2 swamp worms (Lair:1)
  An acid dragon (D:10)
  2 orc warriors
  3 ice beasts
  2 black bears
  A sky beast (D:7)
  4 ogres
  3 wolves (D:8)
  5 centaurs
  2 phantoms
  2 kobold brigands
  3 bullfrogs (Lair:1)
  3 gnoll sergeants
  2 two-headed ogre simulacra (IceCv)
  A cane toad simulacrum (IceCv)
  20 wights
  2 burial acolytes (Ossuary)
  6 killer bees (D:11)
  2 elephant simulacra (IceCv)
  7 electric eels
  5 howler monkeys
  3 bombardier beetles (D:4)
  6 hounds
  5 jellies
  3 orc priests
  An iguana (D:4)
  Jessica (D:2)
  2 sleepcaps
  4 orc wizards
  3 spriggan simulacra (IceCv)
  4 troll simulacra (IceCv)
  A wolf simulacrum (IceCv)
  17 gnolls
  2 naga simulacra (IceCv)
  5 adders
  A shadow imp (D:6)
  A white imp (IceCv)
  2 ufetubi (IceCv)
  7 dart slugs
  2 ribbon worms
  24 orcs
  12 bats
  6 endoplasms
  A giant cockroach (D:1)
  2 goblins
  8 hobgoblins
  3 jackals (D:1)
  A quokka (D:1)
  8 ball pythons
  5 ball python skeletons (Ossuary)
  3 frilled lizards
  14 kobolds
  2 kobold skeletons (Ossuary)
  A rat (D:1)
295 creatures vanquished.

Notes
Turn   | Place    | Note
-------+----------+-------------------------------------------
     0 | D:1      | Essalna the Gargoyle Earth Elementalist began the quest for
                  | the Orb.
     0 | D:1      | Reached XP level 1. HP: 10/10 MP: 3/3
   180 | D:1      | Reached XP level 2. HP: 14/15 MP: 0/5
   391 | D:1      | Reached skill level 2 in Conjurations
   391 | D:1      | Reached XP level 3. HP: 19/19 MP: 0/6
  1175 | D:2      | Noticed Jessica
  1179 | D:2      | Killed Jessica
  1180 | D:2      | Reached XP level 4. HP: 17/24 MP: 4/8
  1502 | D:2      | Noticed Sigmund
  1508 | D:2      | Killed Sigmund
  1509 | D:2      | Reached skill level 3 in Conjurations
  1509 | D:2      | Reached skill level 5 in Earth Magic
  1509 | D:2      | Reached XP level 5. HP: 22/28 MP: 4/10
  1509 | D:2      | Reached XP level 6. HP: 26/32 MP: 4/11
  1824 | D:3      | Learned a level 3 spell: Stone Arrow
  1908 | D:3      | Found a radiant altar of Vehumet.
  1934 | D:3      | Became a worshipper of Vehumet
  2307 | D:4      | Found a large runed translucent door.
  2307 | D:4      | Found a large runed translucent door.
  2308 | D:4      | Noticed topfpfpflanze's ghost (amateur OpCj)
  2374 | D:4      | Found Jeton's Armour Boutique.
  2466 | D:4      | Reached skill level 1 in Fighting
  2487 | D:4      | Noticed a black bear
  2492 | D:4      | Killed a black bear
  2493 | D:4      | Reached skill level 4 in Conjurations
  2543 | D:4      | Reached XP level 7. HP: 39/39 MP: 8/13
  3381 | D:4      | Killed topfpfpflanze's ghost
  3382 | D:4      | Reached skill level 5 in Conjurations
  3478 | D:5      | Entered Level 5 of the Dungeon
  3731 | D:5      | Reached XP level 8. HP: 48/48 MP: 11/14
  4020 | D:5      | Reached skill level 6 in Conjurations
  4166 | D:5      | Found a basalt altar of Yredelemnul.
  4226 | D:5      | Reached * piety under Vehumet
  4226 | D:5      | Offered knowledge of Magic Dart by Vehumet.
  4613 | D:5      | Learned a level 5 spell: Freezing Cloud
  4753 | D:6      | Found a sand-covered staircase.
  4762 | Ossuary  | Entered an ossuary
  5007 | Ossuary  | Reached skill level 1 in Armour
  5007 | Ossuary  | Reached skill level 1 in Ice Magic
  5010 | Ossuary  | Reached skill level 5 in Fighting
  5190 | Ossuary  | Reached skill level 1 in Air Magic
  5294 | D:6      | Reached XP level 9. HP: 54/54 MP: 13/15
  5469 | D:6      | Offered knowledge of Shock by Vehumet.
  5975 | D:7      | Reached ** piety under Vehumet
  6200 | D:7      | Reached skill level 7 in Conjurations
  6430 | D:7      | Found Entockih's Armour Shoppe.
  6545 | D:7      | Found a staircase to the Ecumenical Temple.
  7266 | D:8      | Reached XP level 10. HP: 60/60 MP: 12/16
  7409 | D:8      | Noticed Prince Ribbit
  7415 | D:8      | Killed Prince Ribbit
  7673 | D:8      | Offered knowledge of Hailstorm by Vehumet.
  7812 | D:8      | Reached skill level 8 in Conjurations
  7917 | D:8      | Found a staircase to the Lair.
  7945 | D:8      | HP: 2/61 [yak (9)]
  8228 | D:8      | Reached skill level 5 in Armour
  8449 | D:8      | Found a shimmering altar of Xom.
  8449 | D:8      | Found a broken altar of Ashenzari.
  8450 | D:8      | Found an ancient bone altar of Kikubaaqudgha.
  8922 | D:9      | Got the Volume of Dense Corpses
  9253 | D:10     | Entered Level 10 of the Dungeon
  9259 | D:10     | Reached skill level 5 in Ice Magic
  9325 | D:9      | Reached XP level 11. HP: 64/67 MP: 12/17
  9330 | D:9      | Reached *** piety under Vehumet
  9662 | D:9      | Reached skill level 9 in Conjurations
  9666 | D:9      | Reached skill level 5 in Dodging
 10200 | D:10     | Learned a level 5 spell: Iskenderun's Battlesphere
 10303 | D:10     | Noticed Maurice
 10305 | D:10     | Found a hide-covered altar of Uskayaw.
 10310 | D:10     | Killed Maurice
 10592 | D:11     | Offered knowledge of Inner Flame by Vehumet.
 10782 | D:10     | Reached skill level 5 in Air Magic
 11179 | D:11     | Found Inesk's Book Shoppe.
 11359 | D:11     | Noticed a manticore
 11367 | D:11     | Killed a manticore
 11729 | D:11     | Reached skill level 10 in Conjurations
 12136 | Lair:1   | Entered Level 1 of the Lair of Beasts
 12411 | Lair:1   | Reached **** piety under Vehumet
 12895 | Lair:1   | Noticed a catoblepas
 12905 | Lair:1   | Killed a catoblepas
 12906 | Lair:1   | Reached XP level 12. HP: 77/77 MP: 5/18
 12915 | Lair:1   | HP: 2/77 [polar bear (2)]
 13197 | Lair:1   | Noticed Maggie
 13202 | Lair:1   | Killed Maggie
 13203 | Lair:1   | Reached skill level 10 in Fighting
 13248 | Lair:1   | Offered knowledge of Ignite Poison by Vehumet.
 13498 | Lair:1   | Reached skill level 11 in Conjurations
 13501 | Lair:1   | Identified the +2 buckler "Siosch" {^Contam rPois rN++}
 14286 | Lair:2   | Noticed a death yak
 14286 | Lair:2   | Noticed a death yak
 14286 | Lair:2   | Noticed a death yak
 14288 | Lair:2   | Noticed a death yak
 14289 | Lair:2   | Noticed a death yak
 14302 | Lair:1   | Killed a death yak
 14303 | Lair:1   | Reached skill level 1 in Shields
 14427 | Lair:2   | Found a frozen archway.
 14434 | IceCv    | Entered an ice cave
 15069 | IceCv    | Noticed a reaper
 15106 | IceCv    | Slain by a death yak simulacrum

Illustrated notes

Levels and vault maps discovered:
D:1:      dpeg_arrival_arbitrary_b, layout_loops_cross, serial_bayou_ford_a,
          minmay_ruptured
D:2:      layout_rooms, uniq_sigmund, uniq_jessica
D:3:      layout_rooms, vehumet_statue
D:4:      minmay_general_purpose_star, layout_basic,
          ebering_ghost_disaster_area, serial_shops, shop
D:5:      layout_gridville, old_standard_altar
D:6:      layout_rooms, serial_bayou, serial_bayou_lagoon_b,
          serial_bayou_pond_e, serial_bayou_shore_a, serial_bayou_lagoon_a,
          lightli_ossuary_entry_decrepit_ruins
D:7:      layout_loops_cross, minmay_temple_entry_enclosed_plants, serial_shops,
          nicolae_inconvenience_store, minmay_quadrilaterals
D:8:      layout_loops_cross, gammafunk_temple_overflow_claw, erik_lair_island,
          uniq_prince_ribbit1
D:9:      layout_long_grid
D:10:     layout_rooms, mainiacjoe_overflow_concentric_impassable, uniq_maurice
D:11:     layout_small_grid, serial_shops, shop, serial_bayou_pond_c,
          amcnicky_mini_pool_small
Lair:1:   layout_cellular_growth, nicolae_quartered_pool_super, minivault_25,
          st_stairs_4, chequers_serial_rivers_micro_d,
          chequers_serial_rivers_marsh, worms_lemuel, serial_bayou_shore_b,
          uniq_maggie
Lair:2:   minmay_lair_oklob_tunnel, layout_loops_ring,
          portal_ice_cave_entry_pillars_2, chequers_serial_rivers_room_a
IceCv:    ice_cave_caverns_03

Skill      XL: |  1  2  3  4  5  6  7  8  9 10 11 12 |
---------------+-------------------------------------+-----
Earth Magic    | 4 5 6 7 8 |  8.0
Conjurations   | 2 3 4 5 6 7 8 10 11 | 11.3
Spellcasting   | 3 4 |  4.0
Fighting       | 1 3 5 6 7 9 10 | 10.6
Armour         | 1 3 5 |  5.0
Ice Magic      | 1 3 5 |  5.0
Dodging        | 2 3 4 6 7 |  7.0
Air Magic      | 1 2 4 5 |  5.0
Shields        | 2 |  2.3
Stealth        | |  2.1

Action                     |  1- 3 |  4- 6 |  7- 9 | 10-12 || total
---------------------------+-------+-------+-------+-------++-------
  Melee: Short sword       |    11 |       |       |       ||    11
         Dagger            |       |     2 |     7 |       ||     9
         Trident           |       |       |    14 |    33 ||    47
   Cast: Sandblast         |    40 |    62 |   220 |   361 ||   683
         Stone Arrow       |       |       |       |    42 ||    42
         Iskenderun's Batt |       |       |       |    26 ||    26
         Freezing Cloud    |       |       |       |     2 ||     2
  Evoke: Wand              |       |       |       |     3 ||     3
    Use: Scroll            |       |       |     7 |     3 ||    10
         Potion            |       |       |       |     3 ||     3
 Armour: Robe              |    12 |    12 |   108 |   401 ||   533
  Dodge: Dodged            |    23 |    23 |    65 |   301 ||   412
  Block: Buckler           |       |       |       |    27 ||    27

Table legend: (Time is in decaauts)
 A = Elapsed time spent in this place.
 B = Non-inter-level travel time spent in this place.
 C = Inter-level travel time spent in this place.
 D = Time resting spent in this place.
 E = Time spent auto-exploring this place.
 F = Levels seen in this place.
 G = Mean time per level.
                   A        B        C        D        E       F      G
               +--------+--------+--------+--------+--------+-----+--------+
         Total |  15552 |  14802 |    750 |    317 |  12210 |  15 | 1036.8 |
       Dungeon |  11946 |  11308 |    638 |    244 |   9355 |  11 | 1086.0 |
          Lair |   2352 |   2240 |    112 |     73 |   1928 |   2 | 1176.0 |
       Ossuary |    542 |    542 |      0 |      0 |    410 |   1 |  542.0 |
      Ice Cave |    710 |    710 |      0 |      0 |    517 |   1 |  710.0 |
               +--------+--------+--------+--------+--------+-----+--------+

Top non-repeatable levels by time:
  Lair:1: 2335 daAuts
     D:8: 1537 daAuts
     D:7: 1516 daAuts
     D:4: 1330 daAuts
     D:9: 1262 daAuts
     D:5: 1184 daAuts
    D:10: 1149 daAuts
     D:1: 981 daAuts
    D:11: 930 daAuts
     D:6: 812 daAuts
     D:2: 737 daAuts
   IceCv: 710 daAuts
 Ossuary: 542 daAuts
     D:3: 503 daAuts
  Lair:2: 16 daAuts
